 Dungeon Crawl Stone Soup version 0.21.1-1-g345015f (webtiles) character file.

218 inc the Transmogrifier (level 5, 22/22 HPs)
             Began as a Felid Transmuter on Mar 13, 2018.
             Was an Initiate of Nemelex Xobeh.
             Quit the game on level 4 of the Dungeon.
             The game lasted 00:10:35 (5760 turns).

inc the Transmogrifier (Felid Transmuter)           Turns: 5760, Time: 00:10:35

Health: 22/22      AC:  2    Str: 11    XL:     5   Next: 63%
Magic:  9/9        EV: 20    Int: 21    God:    Nemelex Xobeh [......]
Gold:   125        SH:  0    Dex: 17    Spells: 2/8 levels left
                                        Lives:  0   Deaths: 2

rFire    . . .     SeeInvis +     - Unarmed
rCold    . . .     Gourm    .   (shield unavailable)
rNeg     . . .     Faith    .   (armour unavailable)
rPois    .         Spirit   .   (helmet unavailable)
rElec    .         Reflect  .   (cloak unavailable)
rCorr    +         Harm     .   (gloves unavailable)
MR       .....                  (boots unavailable)
Stlth    ++........             (no amulet)
HPRegen  0.07/turn              w - ring of flight
MPRegen  0.11/turn              u - ring of resist corrosion

@: mighty, brilliant, quick
A: very small, no armour, no weapons or thrown items, stealth, claws 1, fangs 3,
see invisible, carnivore, speed 1, shaggy fur 2, slow metabolism 1, sharp paws
a: Renounce Religion, Evoke Flight


You were on level 4 of the Dungeon.
You worshipped Nemelex Xobeh.
Nemelex Xobeh was noncommittal.
You were not hungry.

You visited 1 branch of the dungeon, and saw 4 of its levels.
You also visited: Sewer.

You collected 125 gold pieces.

Inventory:

Missiles
 a - 36 arrows
Jewellery
 j - an uncursed ring of protection from magic
 n - an uncursed ring of loudness
 u - a ring of resist corrosion (right paw)
 w - a ring of flight (left paw)
Wands
 v - a wand of flame (26)
Scrolls
 d - a scroll of magic mapping {unknown}
 e - a scroll of teleportation
 f - a scroll of remove curse
 g - a scroll of fear {unknown}
 h - a scroll of noise {unknown}
 i - 2 scrolls of enchant weapon {unknown}
 l - a scroll of amnesia {unknown}
 m - 7 scrolls of identify {unknown}
 r - a scroll of holy word {unknown}
 x - a scroll of immolation {unknown}
Potions
 o - 3 potions of brilliance
 p - 8 potions of curing
 q - a potion of lignification
 s - 2 potions of heal wounds
 t - 2 potions of agility
Books
 b - a book of Changes

   Spells                             Type                      Level
   a - Beastly Appendage              Transmutation                1
   b - Sticks to Snakes               Transmutation                2
   c - Spider Form                    Transmutation/Poison         3
   d - Ice Form                       Ice/Transmutation            4
   e - Blade Hands                    Transmutation                5
Comestibles
 c - 8 rations


   Skills:
 - Level 1.0 Fighting
 - Level 5.2 Dodging
 - Level 3.0 Unarmed Combat
 - Level 2.0 Spellcasting
 - Level 8.2 Transmutations
 + Level 2.8 Invocations


You had 2 spell levels left.
You knew the following spells:

 Your Spells              Type           Power        Failure   Level  Hunger
a - Beastly Appendage     Tmut           #####.       1%          1    #......
b - Sticks to Snakes      Tmut           #####...     1%          2    ##.....
c - Spider Form           Tmut/Pois      ####......   1%          3    ###....


Dungeon Overview and Level Annotations

Branches:
Dungeon (4/15)
 Temple: D:4-7

Altars:
Ashenzari
Gozag
Nemelex Xobeh


Innate Abilities, Weirdness & Mutations

You cannot wear armour.
You are incapable of wielding weapons or throwing items.
Your paws allow you to move quietly. (Stealth)
You have sharp claws.
You have razor-sharp teeth.
You have supernaturally acute eyesight. (SInv)
You are carnivorous and can eat meat at any time.
You cover ground quickly.
You are covered in thick fur. (AC +2)
You have a slow metabolism.
Your sharp claws are effective at attacking unaware monsters.


Message History

Ouch! That really hurt!
You die...
Your shape twists and changes as you die.
You are now level 5!
Your transformation has ended.
You rejoin the land of the living...
It was a potion of curing.
You feel better.
It was a potion of brilliance.
You feel clever all of a sudden.
It was a potion of might.
You feel very mighty all of a sudden.
Okay, then.
Put on which piece of jewellery? (? for menu, Esc to quit)
You're wearing all the rings you can.
Remove which one? (? for menu, Esc to cancel) < or
j - a ring of protection from magic > or
u - a ring of resist corrosion You remove your ring of protection from magic.
w - a ring of flight (left paw) Are you sure you want to abandon this character and quit the game? (Confirm with "yes".)

##### #... ##.##
#...# ..#.#####
........# #
.######.# #. .#
#.# #..########
.# #.#
#...@.....# .##
#.# ##.######.#
..#####.# # ####
..)†..#.# #!..
...##...# #.##
#.####..# #.#
#'#..##.# #.#
.....##.# #.###
### ##.##
._..##..# #.#..
.....#######...#


There were no monsters in sight!

Vanquished Creatures
  Sigmund (D:3)
  Purgy (D:3)
  An ogre (D:4)
  A crimson imp (D:4)
  2 orc wizards (D:3)
  Crazy Yiuf (D:3)
  A centaur skeleton (D:2)
  Natasha (twice) (D:2)
  A worker ant (D:2)
  4 gnolls (D:4)
  7 adders
  4 river rats (Sewer)
  An ooze (D:4)
  2 worms (D:3)
  2 dart slugs (D:1)
  2 leopard geckos
  5 orcs
  4 giant cockroaches
  8 hobgoblins
  7 jackals
  2 quokkas
  3 ball pythons
  6 bats
  A frilled lizard (D:4)
  14 goblins
  24 kobolds
  22 rats
  A fungus (D:3)
130 creatures vanquished.

Vanquished Creatures (collateral kills)
  Robin (D:2)
  4 adders
  A river rat (Sewer)
  2 worms (D:3)
  A ball python (Sewer)
  A giant cockroach (D:3)
  A frilled lizard (Sewer)
  5 rats (Sewer)
16 creatures vanquished.

Grand Total: 146 creatures vanquished

Notes
Turn   | Place    | Note
-------+----------+-------------------------------------------
     0 | D:1      | inc the Felid Transmuter began the quest for the Orb.
     0 | D:1      | Reached XP level 1. HP: 9/9 MP: 4/4
   411 | D:1      | Reached XP level 2. HP: 7/12 MP: 6/6
   993 | D:2      | Reached skill level 5 in Dodging
   993 | D:2      | Reached XP level 3. HP: 4/15 MP: 7/7
  1002 | D:2      | HP: 1/22 [poisoned by a worker ant]
  1099 | D:2      | Noticed Natasha
  1179 | D:1      | Learned a level 2 spell: Sticks to Snakes
  1183 | D:1      | Learned a level 3 spell: Spider Form
  1690 | D:2      | Noticed Robin
  1729 | D:2      | Killed Robin
  1729 | D:2      | Reached skill level 3 in Transmutations
  1729 | D:2      | Reached XP level 4. HP: 16/19 MP: 3/8
  1945 | D:2      | Killed Natasha
  1945 | D:2      | Reached skill level 4 in Transmutations
  1975 | D:2      | Noticed Natasha
  1997 | D:2      | Killed Natasha
  1997 | D:2      | Reached XP level 5. HP: 20/22 MP: 3/9
  2654 | D:3      | Found a shattered altar of Ashenzari.
  3027 | D:3      | Reached skill level 5 in Transmutations
  3195 | D:3      | Found a glowing drain.
  3227 | D:3      | Gained mutation: You are covered in thick fur. (AC +2) [Felid growth]
  3227 | D:3      | Reached XP level 6. HP: 21/25 MP: 3/10
  3235 | Sewer    | Entered a sewer
  3415 | Sewer    | Reached skill level 6 in Transmutations
  4424 | D:3      | Found an opulent altar of Gozag.
  4505 | D:3      | Noticed Sigmund
  4517 | D:3      | Killed Sigmund
  4517 | D:3      | Reached skill level 7 in Transmutations
  4517 | D:3      | Reached XP level 7. HP: 28/28 MP: 8/11
  4811 | D:3      | Noticed Purgy
  4833 | D:3      | Killed Purgy
  5249 | D:3      | Found a runed door.
  5253 | D:3      | Noticed Crazy Yiuf
  5270 | D:3      | Killed Crazy Yiuf
  5270 | D:3      | Reached skill level 8 in Transmutations
  5480 | D:4      | Found a sparkling altar of Nemelex Xobeh.
  5522 | D:4      | Became a worshipper of Nemelex Xobeh the Trickster
  5723 | D:4      | Slain by a gnoll
  5724 | D:4      | Reached XP level 6. HP: 0/25 MP: 7/10
  5754 | D:4      | Killed from afar by an orc priest
  5755 | D:4      | Reached XP level 5. HP: -2/22 MP: 7/9
  5760 | D:4      | Quit the game

Skill      XL: |  1  2  3  4  5  6  7 |
---------------+----------------------+-----
Dodging        | 3 5 |  5.2
Transmutations | 3 4 5 7 8 |  8.2
Invocations    | 2 |  2.8
Fighting       | |  1.0
Unarmed Combat | |  3.0
Spellcasting   | |  2.0

Action                   |  1- 3 |  4- 6 |  7- 9 || total
-------------------------+-------+-------+-------++-------
Melee: Unarmed           |    95 |   241 |   127 ||   463
       Bite              |     4 |    13 |     9 ||    26
       Punch             |     2 |     3 |     2 ||     7
       Headbutt          |     1 |     9 |       ||    10
 Cast: Sticks to Snakes  |     4 |    16 |     4 ||    24
       Beastly Appendage |     2 |     9 |       ||    11
       Spider Form       |       |     9 |     8 ||    17
  Use: Potion            |     4 |     6 |       ||    10
       Scroll            |       |     3 |       ||     3
 Stab: Sleeping          |     7 |     7 |       ||    14
       Distracted        |       |     1 |       ||     1
  Eat: Chunk             |       |    16 |       ||    16
Armor: Skin              |     7 |    16 |    10 ||    33
Dodge: Dodged            |    80 |   200 |   117 ||   397
